[Event "Late-Titled-Tuesday-Blitz-February-13-2024"]
[Site "Chess.com"]
[Date "2024.02.13"]
[Round "3"]
[White "TigrVShlyape"]
[Black "riconaipe"]
[Result "1-0"]
[WhiteElo "2868"]
[BlackElo "2599"]
[TimeControl "180+1"]
[EndTime "14:29:08 PST"]
[Termination "TigrVShlyape won on time"]

1. d4 d5 2. Bf4 c6 3. e3 Bf5 4. c4 e6 5. Nc3 Nd7 6. Qb3 Qb6 7. c5 Qxb3 8. axb3 a6 9. b4 Rc8 10. Nf3 h6 11. Nd2 g5 12. Bg3 Bg7 13. Nb3 e5 14. Na5 Rc7 15. b5 axb5 16. Bxb5 Ne7 17. Be2 O-O 18. O-O Be6 19. Rfd1 f5 20. f4 gxf4 21.
exf4 exd4 22. Na4 d3 23. Bxd3 d4 24. Re1 Kf7 25. Nc4 Bxc4 26. Bxc4+ Nd5 27. Bf2 Ra8 28. b4 Kf8 29. Bxd5 cxd5 30. Nb2 Rxa1 31. Rxa1 b6 32.
cxb6 Nxb6 33. Nd3 Nc4 34. Nc5 Kf7 35. Ra2 Nd6 36. Kf1 Ne4 37. Nd3 Rb7 38. Ra5 Nc3 39.
g3 Bf6 40. Ra6 Ne4 41. Be1 Nc3 42. h3 h5 43. Bf2 Ne4 44. Be1 Nc3 45. Kg2 Ne4 46. Kf3 Nc3 47. g4 hxg4+ 48. hxg4 fxg4+ 49. Kxg4 Ne4 50. Kf5 Rd7 51. Ne5+ Bxe5 52. fxe5 Rb7 53. e6+ Ke8 54. Ke5 d3 55. Kxd5 d2 56. Bxd2 Nxd2 57. Kd6 Rb8 58. b5 Nc4+ 59. Kc5 Ne5 60. b6 Ke7 61.
Kd5 Nd3 62. Ra7+ Kf6 63. Rf7+ Kg6 64. b7 Nf4+ 65. Rxf4 Rxb7 66. Kc6 1-0

[Event "Late-Titled-Tuesday-Blitz-February-13-2024"]
[Site "Chess.com"]
[Date "2024.02.13"]
[Round "3"]
[White "SergioMoralesG"]
[Black "KaydenTroffChess"]
[Result "1/2-1/2"]
[WhiteElo "2522"]
[BlackElo "2837"]
[TimeControl "180+1"]
[EndTime "14:29:08 PST"]
[Termination "Game drawn - insufficient material"]

1. d4 Nf6 2. c4 g6 3. Nc3 d5 4. Nf3 Bg7 5. e3 O-O 6. cxd5 Nxd5 7. Bc4 Nxc3 8. bxc3 c5 9. O-O Nd7 10. Qe2 Nb6 11.
Bb3 Qc7 12. a4 Bf5 13. Ba3 c4 14. Bc2 Be6 15. e4 Rfe8 16. Ng5 Bd7 17. a5 Na4 18.
Bb4 Nb2 19. e5 Nd3 20. Bxd3 cxd3 21. Qxd3 h6 22. Ne4 Rad8 23. Qe3 Bb5 24. Rfc1 f6 25.
f4 Kh7 26. Ng3 f5 27. c4 Bd7 28. d5 e6 29. Qxa7 Rc8 30. Bd6 Qd8 31. Qb6 Qh4 32. Qxb7 Red8 33. dxe6 Bxe6 34. Qf3 Rxc4 35. Rxc4 Bxc4 36.
a6 Rxd6 37. exd6 Bxa1 38. a7 Bd4+ 39. Kh1 Bxa7 40. Qb7+ Kg8 41. Qxa7 Qd8 42. Qc7 Qxc7 43. dxc7 Be6 44. Ne2 Kf7 45. Nd4 Bc8 46. g3 Ke7 47.
Kg1 Kd6 48. Nb5+ Kc6 49. Nc3 Kxc7 50. Kf2 Kd6 51. Ke3 Kc5 52. Ne2 Be6 53. Nd4 Bd5 54. Ne2 Bc4 55. Nd4 Bd5 56. Ne2 Bg2 57. Nd4 Kd5 58. Nc2 Be4 59. Nb4+ Kc5 60. Na2 Kc4 61. Nc1 g5 62. Ne2 Kd5 63. fxg5 hxg5 64.
h4 gxh4 65. gxh4 Ke5 66. Nc3 f4+ 67. Kf2 Bd3 68. Ne2 Bxe2 69. Kxe2 Ke4 70. h5 Kf5 71.
Kf3 Kg5 72. h6 Kxh6 73. Kxf4 1/2-1/2

[Event "Late-Titled-Tuesday-Blitz-February-13-2024"]
[Site "Chess.com"]
[Date "2024.02.13"]
[Round "3"]
[White "dosto07"]
[Black "OK97"]
[Result "0-1"]
[WhiteElo "2533"]
[BlackElo "2849"]
[TimeControl "180+1"]
[EndTime "14:29:11 PST"]
[Termination "OK97 won by checkmate"]

1. e4 Nc6 2. Nf3 d6 3. d4 Nf6 4. Nc3 g6 5. Bb5 a6 6. Bxc6+ bxc6 7. h3 Bg7 8. Be3 Rb8 9. b3 O-O 10. Qd2 c5 11. Bh6 cxd4 12. Bxg7 Kxg7 13. Nxd4 Bb7 14. f3 c5 15. Nde2 Qb6 16. O-O-O a5 17. h4 h5 18. Nf4 Qb4 19. Ncd5 Nxd5 20. Nxd5 Qa3+ 21. Kb1 Bxd5 22. Qc3+ Kg8 23. exd5 a4 24. g4 Ra8 25. Qb2 axb3 26.
cxb3 c4 27. gxh5 cxb3 28. axb3 Rfb8 29. Rd3 Qxb2+ 30. Kxb2 gxh5 31. Rg1+ Kf8 32. Rg5 Rb4 33. Rxh5 Kg7 34. f4 Kf6 35. Rh6+ Kg7 36. Rh5 Rxf4 37.
Rg3+ Kf6 38. Rg2 Rc8 39. Rh6+ Kf5 40. Rh7 Kf6 41. Rgg7 Rf2+ 42. Ka3 Rf8 43. h5 Ke5 44. Rg5+ Rf5 45. Rhg7 Rxg5 46. Rxg5+ f5 47. h6 Kxd5 48.
h7 Rh8 49. Rxf5+ Ke4 50. Rh5 d5 51. b4 d4 52. Rh4+ Ke3 53. Kb2 d3 54. Rh3+ Ke2 55. Rh2+ Ke3 56. Rh3+ Ke2 57. Rh2+ Ke3 58. Kc3 Rc8+ 59.
Kb3 d2 60. Rh3+ Ke2 61. Rh2+ Ke1 62. Rh1+ Ke2 63. Rh2+ Kd3 64. b5 d1=Q+ 65. Kb4 Qb1+ 66. Ka5 Ra8+ 67. Kb6 Rb8+ 68. Ka7 Qxb5 69. Rh3+ Ke4 70. h8=Q Qb6# 0-1

[Event "Late-Titled-Tuesday-Blitz-February-13-2024"]
[Site "Chess.com"]
[Date "2024.02.13"]
[Round "3"]
[White "Kosak12"]
[Black "Bigfish1995"]
[Result "1-0"]
[WhiteElo "2861"]
[BlackElo "3166"]
[TimeControl "180+1"]
[EndTime "14:29:12 PST"]
[Termination "Kosak12 won by resignation"]

1. e4 c6 2. d4 d5 3. Nd2 a6 4. c3 dxe4 5. Nxe4 Bf5 6. Bd3 e6 7. Ne2 Nd7 8. N2g3 Bg6 9. h4 Ngf6 10.
h5 Bxe4 11. Nxe4 h6 12. Qe2 Qc7 13. Bd2 O-O-O 14. O-O-O Nxe4 15. Bxe4 Nf6 16. Bc2 Bd6 17. Kb1 Bf4 18. Be1 c5 19. g3 Qc6 20. f3 Bc7 21.
Bf2 cxd4 22. Bxd4 Bb6 23. Be5 Rxd1+ 24. Rxd1 Bc7 25. Bxf6 gxf6 26. Be4 Qb5 27. Qxb5 axb5 28. g4 Rg8 29. a3 Rg5 30. Bd3 Bf4 31. Kc2 Kc7 32. Re1 Bd6 33. b4 Kc6 34. Kb3 f5 35.
gxf5 exf5 36. c4 bxc4+ 37. Bxc4 Rxh5 38. Bxf7 Rh3 39. Rc1+ Kb6 40. Bd5 h5 41. a4 h4 42.
a5+ Ka7 43. b5 Kb8 44. b6 Rg3 45. Re1 Kc8 46. Re8+ Kd7 47. Rh8 h3 48. Bxb7 Rg1 49. Rxh3 Ra1 50. a6 Rb1+ 51. Kc2 Rxb6 52. a7 Rxb7 53.
a8=Q Rc7+ 54. Kd3 Rc5 55. Rh7+ Ke6 56. Qe8+ Kd5 57. Qf7+ Ke5 58. Qe8+ Kf4 59. Rh4+ Kg3 60. Rd4 Be5 61. Qg6+ Kf2 62. Rc4 Rd5+ 63. Kc2 Bd6 64. Qe6 Ra5 65. Qxd6 Ra2+ 66. Kb3 Re2 67. Qd4+ Kxf3 68.
Qf4+ Kg2 69. Rc2 Rxc2 70. Kxc2 Kh3 71. Qxf5+ Kh4 72. Qg6 Kh3 73. Qg5 Kh2 74. Qg4 Kh1 75. Kd2 1-0

[Event "Late-Titled-Tuesday-Blitz-February-13-2024"]
[Site "Chess.com"]
[Date "2024.02.13"]
[Round "3"]
[White "Chessraf-com"]
[Black "jup1978"]
[Result "0-1"]
[WhiteElo "2347"]
[BlackElo "2569"]
[TimeControl "180+1"]
[EndTime "14:29:14 PST"]
[Termination "jup1978 won on time"]

1. Nf3 c5 2. g3 g6 3. Bg2 Bg7 4. O-O Nc6 5. c4 Nf6 6. Nc3 d6 7. d4 cxd4 8. Nxd4 Bd7 9. Nc2 O-O 10.
b3 a5 11. Bb2 Re8 12. Ne3 Be6 13. Qd2 Nd7 14. Ncd5 Bxb2 15. Qxb2 Nb4 16. Nxb4 axb4 17. Bxb7 Ra7 18. Bf3 Ne5 19. Be4 Qb6 20. a4 bxa3 21. Rxa3 Rc7 22. Qd2 Rb8 23. Nd5 Bxd5 24. Bxd5 Qb4 25.
Qxb4 Rxb4 26. f4 Ng4 27. Rf3 Kg7 28. Rc3 Nf6 29. Bf3 d5 30. Ra1 dxc4 31. bxc4 Rbxc4 32.
Rxc4 Rxc4 33. Kf2 h5 34. h4 e6 35. Ra7 Ne8 36. Ke3 Nd6 37. Kf2 Nf5 38. Ra3 Rb4 39. Rc3 Nd4 40. Rd3 Kf6 41. Ke3 Nf5+ 42. Kf2 Rb2 43.
Ra3 Nd4 44. Kg2 Nxe2 45. Bxe2 Rxe2+ 46. Kf3 Rb2 47. Rc3 Rb5 48. Ra3 Rd5 49. Rc3 Kf5 50.
Ra3 f6 51. Ra6 e5 52. fxe5 fxe5 53. Ra3 Rc5 54. Re3 Rc4 55. Ra3 e4+ 56. Kg2 Kg4 57. Ra6 Rc2+ 58. Kg1 Kxg3 59. Rxg6+ Kxh4 60. Re6 Rc4 61. Kg2 Kg4 62. Re5 h4 63. Re8 h3+ 64. Kh2 Rc2+ 65. Kg1 h2+ 66. Kh1 Kg3 67. Rg8+ Kf3 68. Rf8+ Ke2 69. Kxh2 Rc7 70. Kg2 Rg7+ 71. Kh2 e3 72.
Rd8 Ke1 73. Kh1 e2 74. Kh2 Rg4 75. Kh3 Re4 76. Kg2 Re7 77. Rd6 Rg7+ 78. Kf3 Kf1 79. Rh6 e1=Q 80. Rh1+ Rg1 81. Rh2 Qg3+ 0-1

[Event "Late-Titled-Tuesday-Blitz-February-13-2024"]
[Site "Chess.com"]
[Date "2024.02.13"]
[Round "3"]
[White "Antipov_Mikhail_Al"]
[Black "GianmarcoVaR"]
[Result "1-0"]
[WhiteElo "2966"]
[BlackElo "2719"]
[TimeControl "180+1"]
[EndTime "14:29:15 PST"]
[Termination "Antipov_Mikhail_Al won on time"]

1. e4 c5 2. Nf3 d6 3. d4 cxd4 4.
Nxd4 Nf6 5. Nc3 a6 6. a3 e5 7. Nf3 Be7 8. Bg5 Be6 9. Bxf6 Bxf6 10. Nd5 Nd7 11. Bc4 Be7 12. c3 Nf6 13. Nxf6+ Bxf6 14. Bd5 O-O 15. O-O Qc7 16. Qb3 Bg4 17. Nd2 Rab8 18.
Nc4 Bg5 19. Qb6 Qxb6 20. Nxb6 Bd8 21. Nc4 Be2 22. Rfe1 Bxc4 23. Bxc4 Bc7 24. Bd5 b5 25. Kf1 g6 26. Ke2 Kg7 27. Kd3 f5 28. f3 h5 29.
h3 Kf6 30. Kc2 Kg5 31. b4 a5 32. Kb3 Kh4 33. Rad1 Kg3 34. Re2 Rb6 35. Rd3 Ra6 36.
Kb2 Bb8 37. Be6 Kf4 38. Bd7 axb4 39. axb4 Rb6 40. Rd5 Kg3 41. Bxb5 fxe4 42. fxe4 Rf2 43. Rxf2 Kxf2 44. Rd2+ Ke1 45. Re2+ Kf1 46. Bc4 Rc6 47. Bd3 Ba7 48. g4 h4 49. Kb3 Kg1 50. Bb5 Rc7 51. g5 Bf2 52. Be8 Kg2 53. Bxg6 Rg7 54. Bf5 Rxg5 55. b5 Rg7 56. Kc4 Kf3 57. Rb2 Bb6 58. Kd5 Rc7 59. c4 Rc5+ 60. Kxd6 Rxc4 61. Kxe5 Ra4 62.
Kd5 Rd4+ 63. Kc6 Ba5 64. b6 Rc4+ 65. Kd5 1-0

[Event "Late-Titled-Tuesday-Blitz-February-13-2024"]
[Site "Chess.com"]
[Date "2024.02.13"]
[Round "3"]
[White "amiqu"]
[Black "Smiechu"]
[Result "0-1"]
[WhiteElo "2135"]
[BlackElo "2432"]
[TimeControl "180+1"]
[EndTime "14:29:16 PST"]
[Termination "Smiechu won on time"]

1. d4 Nf6 2. Nf3 c5 3. d5 e6 4. c4 exd5 5. cxd5 d6 6. Nc3 g6 7. Bg5 Bg7 8. e4 O-O 9. Bd3 Re8 10. O-O a6 11. a4 Nbd7 12. Re1 Qc7 13. a5 c4 14. Bc2 Nc5 15. e5 dxe5 16. d6 Qd8 17. Nxe5 Be6 18. Qd4 h6 19. Bh4 Ncd7 20. Nxc4 Rc8 21. Ne5 Nxe5 22. Qxe5 Rc4 23. Bg3 Nd5 24. Qe2 Nxc3 25. bxc3 Bxc3 26. Bb3 Bxe1 27. Bxc4 Bxc4 28.
Qxc4 Bxa5 29. h4 h5 30. Qd5 Bc3 31. Rc1 Bf6 32. Rc7 Rf8 33. Rxb7 a5 34. Ra7 Qb8 35.
Rc7 Qb1+ 36. Kh2 Qb8 37. Qf3 Qd8 38. Qd5 Bxh4 39. Qe4 Bxg3+ 40. Kxg3 Qg5+ 41. Kh2 Qf6 42. Qf3 Qxd6+ 43. Qg3 Qxg3+ 44. Kxg3 Ra8 45. Rc3 a4 46. Ra3 Kg7 47. Kf4 Kf6 48. Ke4 Kg5 49. Ke5 f6+ 50.
Ke6 Ra6+ 51. Kf7 Kf5 52. Rf3+ Ke4 53. Ra3 g5 54. Kg6 h4 55. Kh5 Kd4 56. Kg6 Kc4 57. Rxa4+ Rxa4 58. Kxf6 Ra2 59. Kxg5 Rxf2 60. Kxh4 Rxg2 0-1

[Event "Late-Titled-Tuesday-Blitz-February-13-2024"]
[Site "Chess.com"]
[Date "2024.02.13"]
[Round "3"]
[White "JiiHart"]
[Black "sakkikuska"]
[Result "1-0"]
[WhiteElo "2171"]
[BlackElo "2520"]
[TimeControl "180+1"]
[EndTime "14:29:18 PST"]
[Termination "JiiHart won by checkmate"]

1. e4 c5 2. c3 d5 3. exd5 Qxd5 4. d4 Nf6 5. Nf3 e6 6. Na3 Nc6 7. Be3 cxd4 8. Nb5 Qd7 9. Nbxd4 Nd5 10. Bb5 Nxe3 11.
fxe3 a6 12. Ne5 Qd5 13. Bxc6+ bxc6 14. Ndxc6 Bc5 15. Qxd5 exd5 16. Nd4 f6 17. Nd3 Bd6 18. O-O O-O 19. Rae1 Rb8 20. b3 Bb7 21. Nf5 Ba3 22.
Rf4 Rfe8 23. b4 a5 24. bxa5 Re4 25. Nb4 Ra8 26. Rxe4 dxe4 27. Nd6 Bc8 28. Nc4 Bxb4 29. cxb4 Be6 30. Nb6 Rb8 31. a3 Kf8 32. Rc1 Ke7 33. Rc7+ Kd6 34. Rxg7 h5 35. Rg6 Ke5 36. Kf2 Rd8 37.
Kg3 Bf5 38. Rg7 Rd2 39. Re7+ Kd6 40. Nc4+ Kxe7 41. Nxd2 Bd7 42. Nc4 Bc6 43. Kf4 Ke6 44. Nd2 f5 45. Nf1 Kf6 46. Ng3 h4 47. Nxf5 h3 48.
gxh3 Bd7 49. Nd4 Bc8 50. Kxe4 Ke7 51. Ke5 Bb7 52. h4 Bg2 53. h5 Bh3 54. h6 Kf7 55.
Nf5 Kg6 56. b5 Bxf5 57. a6 Bd3 58. a7 Bxb5 59. a8=Q Kxh6 60. Qh8+ Kg5 61. Qf6+ Kg4 62. Qf4+ Kh5 63. Qb4 Bc6 64. Kf4 Kg6 65. Qd6+ Kf7 66.
Qxc6 Kg7 67. Kg5 Kf7 68. Qd7+ Kf8 69. Kg6 Kg8 70. Qg7# 1-0

[Event "Late-Titled-Tuesday-Blitz-February-13-2024"]
[Site "Chess.com"]
[Date "2024.02.13"]
[Round "3"]
[White "cukricek"]
[Black "deribas12345"]
[Result "1-0"]
[WhiteElo "2465"]
[BlackElo "2635"]
[TimeControl "180+1"]
[EndTime "14:29:21 PST"]
[Termination "cukricek won on time"]

1. g3 c5 2. Bg2 Nc6 3. Nf3 d5 4. d4 e6 5. O-O Nf6 6. c4 dxc4 7. Qa4 Bd7 8. dxc5 Bxc5 9. Qxc4 Qe7 10. Nc3 O-O 11.
Bg5 b5 12. Qh4 h6 13. Ne4 hxg5 14. Nfxg5 Rfc8 15. Rfd1 Nd4 16. Nxc5 Qxc5 17. Rxd4 Bc6 18. Rad1 Bxg2 19. Kxg2 Qc2 20. R1d2 Qg6 21. Nf3 Re8 22. Ne5 Qf5 23. Nd7 Nh7 24. Rf4 Qb1 25. Rg4 Qf5 26. Rf4 Qb1 27. Rd3 Qxb2 28. Rdf3 f5 29. Qh5 g5 30.
Qg6+ Qg7 31. Qxg7+ Kxg7 32. Rb4 a6 33. Rc3 Rec8 34.
Rbb3 Rc4 35. Rxc4 bxc4 36. Rb7 Kh6 37. Rc7 Nf8 38. Nxf8 Rxf8 39. Rxc4 Rb8 40. Rc6 Kg7 41. Rxe6 a5 42. Re5 Kf6 43. Rxa5 Rb2 44. e3 g4 45.
Ra8 Ke5 46. a4 Ra2 47. a5 Kf6 48. a6 Kg7 49. a7 Ra3 50. h3 Ra2 51. hxg4 fxg4 52.
Re8 Rxa7 53. Re4 Kf6 54. Rxg4 Ke5 55. Rf4 Rg7 56. Kf3 Ke6 57. e4 Ke5 58. Rf5+ Ke6 59. Kf4 Rh7 60. f3 Rh8 61. g4 Ke7 62. Ra5 Rf8+ 63.
Ke3 Ra8 64. f4 Rxa5 65. f5 1-0

[Event "Late-Titled-Tuesday-Blitz-February-13-2024"]
[Site "Chess.com"]
[Date "2024.02.13"]
[Round "3"]
[White "trriinu"]
[Black "Savagelittlemole"]
[Result "1/2-1/2"]
[WhiteElo "2251"]
[BlackElo "2459"]
[TimeControl "180+1"]
[EndTime "14:29:21 PST"]
[Termination "Game drawn by repetition"]

1. e4 c5 2. Nc3 g6 3. g3 Bg7 4. Bg2 e6 5. Nge2 Ne7 6. O-O O-O 7.
d4 cxd4 8. Nxd4 d5 9. exd5 Nxd5 10. Nxd5 exd5 11. Nb5 Be6 12. Bf4 Na6 13. c3 Qb6 14.
a4 Rad8 15. Be3 d4 16. cxd4 Bd5 17. Bxd5 Rxd5 18. Qf3 Rfd8 19. Rac1 Nb4 20. Rc7 f5 21. Bg5 Bf6 22. Bf4 a6 23. Nc3 R5d7 24. Rxd7 Rxd7 25.
d5 Bxc3 26. bxc3 Nxd5 27. Be5 Qe6 28. Bd4 Nf6 29. Qf4 Ne4 30. Qb8+ Kf7 31. Qh8 Nf6 32. Bxf6 Qxf6 33. Qxh7+ Qg7 34. Qh4 Qxc3 35. Qg5 Qf6 36. Qe3 Kg7 37. Rc1 Re7 38. Qb3 Qe5 39. h4 Qe4 40. Qc3+ Qe5 41. Qxe5+ Rxe5 42. Rc7+ Kh6 43.
Rxb7 Re4 44. a5 Re5 45. Rb6 Rxa5 46. Kg2 Ra2 47. Kf3 a5 48. Ra6 a4 49. Ke3 Kh5 50.
Kf3 Ra3+ 51. Kg2 Ra1 52. Ra5 a3 53. Ra4 a2 54. Kh2 g5 55. hxg5 Kxg5 56. Kg2 Kh5 57. Kh2 Kg6 58. Kg2 Kf6 59. Kf3 Ke5 60. Ra3 Kf6 61.
Kf4 Kg6 62. f3 Kf6 63. Ra6+ Kg7 64. Ra5 Kg6 65. Ra6+ Kg7 66. Ra7+ Kg6 67. Ra6+ Kg7 1/2-1/2

[Event "Late-Titled-Tuesday-Blitz-February-13-2024"]
[Site "Chess.com"]
[Date "2024.02.13"]
[Round "3"]
[White "SchmakAttack"]
[Black "Konavets"]
[Result "1-0"]
[WhiteElo "2797"]
[BlackElo "3022"]
[TimeControl "180+1"]
[EndTime "14:29:22 PST"]
[Termination "SchmakAttack won by resignation"]

1. d4 Nf6 2. c4 e5 3. dxe5 Ng4 4. e4 Nxe5 5. f4 Nec6 6. Nc3 Bc5 7. Nf3 a5 8. Bd3 d6 9. f5 Nd7 10. Bg5 f6 11. Bf4 Nde5 12. Qe2 Nb4 13. Bxe5 dxe5 14. O-O-O c6 15. a3 Na6 16. g4 Qe7 17. h4 Bd7 18.
g5 O-O-O 19. Bc2 Ba7 20. Na4 Nc5 21. Nxc5 Qxc5 22. Kb1 Kc7 23. h5 h6 24. gxf6 gxf6 25. Nh4 Bc8 26. Ng6 Rhg8 27. Rd2 Qe3 28. Qxe3 Bxe3 29.
Rxd8 Rxd8 30. Rd1 Re8 31. b4 b6 32. Kb2 Bd4+ 33. Kb3 c5 34. b5 Bb7 35. a4 Kd6 36. Rd2 Rd8 37. Rd1 Kd7 38. Rd2 Ke8 39. Rd1 Kf7 40. Rd2 Bc8 41. Rd1 Bd7 42. Rd2 Be8 43. Rd1 Kg7 44. Rd2 Rd7 45. Rd1 Bf7 46. Rd2 Rd8 47. Rd1 Re8 48. Rd2 Bxg6 49. fxg6 f5 50.
exf5 e4 51. Re2 e3 52. Bd3 Be5 53. Kc2 Bg3 54. Rg2 Bh4 55. Kd1 Bg5 56. Ke2 Kf6 57.
Rg4 Re5 58. Rg2 Kg7 59. Rg4 Kf6 60. Rg2 Re7 61. Rg4 Re8 62. Re4 Rxe4 63. Bxe4 Kg7 64. Bd3 Kf6 65. Kf3 Kg7 66. Ke4 Bd8 67. Kxe3 Kf6 68.
Ke4 Kg5 69. Ke5 Bf6+ 70. Ke6 Bd4 71. Kf7 Kxh5 72. g7 1-0

[Event "Late-Titled-Tuesday-Blitz-February-13-2024"]
[Site "Chess.com"]
[Date "2024.02.13"]
[Round "3"]
[White "rudolfjun2005"]
[Black "DonPreuss"]
[Result "1-0"]
[WhiteElo "2383"]
[BlackElo "2163"]
[TimeControl "180+1"]
[EndTime "14:29:22 PST"]
[Termination "rudolfjun2005 won by resignation"]

1. e4 Nc6 2. Nf3 e5 3. Bb5 Bc5 4. O-O Nge7 5. c3 O-O 6. d4 exd4 7. cxd4 Bb6 8. Nc3 d6 9. h3 f5 10. Bg5 h6 11. Bxe7 Nxe7 12. e5 c6 13. Bc4+ d5 14. Bd3 Ng6 15. Ne2 Nh4 16. Nf4 Nxf3+ 17. Qxf3 Bxd4 18.
Rfe1 Bxb2 19. Rab1 Bd4 20. e6 Bc5 21. Ng6 Rf6 22.
Bxf5 Qe8 23. Qf4 Rxg6 24. Bxg6 Qxg6 25. e7 Qe8 26. Rb3 Bb6 27. Rf3 Bd7 28. Qd6 Ba5 29. Rf8+ Qxf8 30. exf8=Q+ Rxf8 31. Qxd7 Bxe1 32. Qe6+ Kh8 33.
Qxe1 Kg8 34. Qe6+ Rf7 35. Qe8+ Rf8 36. Qd7 Rf7 37. Qc8+ Kh7 38. Qe6 Kg8 39. f3 Kf8 40. Kf2 Re7 41. Qd6 Kf7 42. Qf4+ Ke8 43. Qb8+ Kf7 44.
Qxa7 Rd7 45. Qd4 Ke6 46. f4 Kd6 47. Kf3 c5 48. Qe5+ Kc6 49. Qe6+ Rd6 50. Qe8+ Kb6 51. Qe7 Kc6 52. f5 d4 53. Ke2 c4 54. Qe4+ Kc5 55.
Qe5+ Rd5 56. Qc7+ Kb4 57. Qxb7+ Kc5 58. Kd2 Re5 59. Qc7+ Kd5 60. Qd7+ Kc5 61. Qc7+ Kd5 62. Qb7+ Kc5 63. Qa7+ Kd5 64. Qxg7 c3+ 65. Kd3 Re3+ 66. Kc2 Re2+ 67. Kb3 Rb2+ 68. Ka3 Kc4 69. Qc7+ Kd3 70. f6 Rb1 71. Qh7+ Kd2 72. Qxb1 c2 73. Qb4+ Kd1 74. Qxd4+ 1-0

[Event "Late-Titled-Tuesday-Blitz-February-13-2024"]
[Site "Chess.com"]
[Date "2024.02.13"]
[Round "3"]
[White "Burgsvik"]
[Black "gxbg2000"]
[Result "0-1"]
[WhiteElo "2307"]
[BlackElo "2060"]
[TimeControl "180+1"]
[EndTime "14:29:23 PST"]
[Termination "gxbg2000 won by resignation"]

1. e4 g6 2. h4 Bg7 3. h5 b6 4. c3 Bb7 5. Bd3 Nc6 6. Bc2 e6 7. d4 d5 8. e5 Qe7 9. Nf3 O-O-O 10.
h6 Bf8 11. Bg5 f6 12. exf6 Nxf6 13. Nbd2 e5 14. Qe2 e4 15. Nh4 Qf7 16. O-O-O Be7 17. f3 exf3 18. Ndxf3 Rhe8 19. Qb5 a6 20. Qa4 Kb8 21.
Rhe1 Ne4 22. Bxe7 Rxe7 23. Bd3 b5 24. Qc2 Rde8 25. Ne5 Qf4+ 26. Kb1 Qxh4 27. Bxe4 dxe4 28. Rxe4 Qxh6 29. Rde1 Nxe5 30. Rxe5 Rxe5 31. dxe5 Qf4 32. Qe2 Re6 33. Ka1 h5 34. a3 h4 35. Qd3 Rxe5 36.
Rf1 Qc4 37. Qd8+ Ka7 38. Rd1 Bd5 39. Kb1 Qa2+ 40. Kc1 Qa1+ 41. Kc2 Be4+ 42. Kb3 Bd5+ 43. Rxd5 Rxd5 44. Qxd5 Qg1 45. Qc6 Qb6 46. Qe4 Qf6 47.
Ka2 g5 48. Qe3+ Kb7 49. Qe4+ c6 50. Qh7+ Kb6 51. Qe4 a5 52. a4 Qf7+ 53. Ka1 Qd5 54.
Qe3+ Qc5 55. Qe8 bxa4 56. Qb8+ Ka6 57. Qa8+ Kb5 58. Qb7+ Kc4 59. Qf7+ Qd5 60. Qf1+ Kb3 61. Qb1 Qd2 62. Qa2+ Kc2 63. Qxa4+ Kc1 64. Qb3 Qc2 65. Qb6 a4 66. Qg1+ Qd1 67. Qe3+ Kc2+ 68. Ka2 Qb1+ 69. Ka3 Qxb2+ 70. Kxa4 Qb3+ 71. Ka5 Qxc3+ 72. Qxc3+ Kxc3 73. Kb6 Kd3 74. Kxc6 Ke2 75. Kd5 Kf2 76. Ke4 Kxg2 77. Kf5 h3 78. Kxg5 h2 79. Kf4 h1=Q 80. Kg5 Qf1 81. Kg4 Qf3+ 82. Kh4 Qg3+ 83. Kh5 Kf3 84. Kh6 0-1

[Event "Late-Titled-Tuesday-Blitz-February-13-2024"]
[Site "Chess.com"]
[Date "2024.02.13"]
[Round "3"]
[White "wild3000"]
[Black "aqibjbutt"]
[Result "1/2-1/2"]
[WhiteElo "2319"]
[BlackElo "2060"]
[TimeControl "180+1"]
[EndTime "14:29:26 PST"]
[Termination "Game drawn by repetition"]

1. d4 d5 2. c3 c6 3. Nd2 Nf6 4. g3 Bf5 5. Bg2 e6 6. Ngf3 Bd6 7. O-O Nbd7 8. Re1 O-O 9. Nh4 Bg6 10.
Nxg6 hxg6 11. e4 dxe4 12. Nxe4 Nxe4 13. Bxe4 Nf6 14. Bg2 Re8 15. Bg5 e5 16. dxe5 Bxe5 17. Qb3 Qb6 18. Be3 Qxb3 19. axb3 a6 20. h3 Bc7 21.
Red1 Rad8 22. b4 Nd5 23. Bc5 Nf6 24. Kf1 Ne4 25. Be3 Nxg3+ 26. fxg3 Rxe3 27. Rxd8+ Bxd8 28. Rd1 Bf6 29. g4 g5 30. Kf2 Re7 31. Rd8+ Kh7 32. Rd3 g6 33. Re3 Kg7 34. Rxe7 Bxe7 35. Ke3 f5 36.
Kd4 Kf6 37. Bf3 Bd6 38. Be2 Ke6 39. Bc4+ Kf6 40. Be2 Ke6 41. Bc4+ Ke7 42. Be2 Kd7 43. Bd3 Kc7 44. gxf5 gxf5 45. Bxf5 Bf4 46. b3 Bd2 47. Kd3 Bf4 48. Bg4 Bc1 49. Bf3 Bf4 50. c4 b6 51.
b5 cxb5 52. cxb5 axb5 53. Ke4 Bd2 54. Be2 Kc6 55. Kd3 Bf4 56. Bf3+ Kc5 57. Bh5 Kb4 58. Bf7 Bg3 59. Ke4 Bh4 60. Kf3 Kc3 61. Ke4 Kd2 62.
Kd5 Ke2 63. Kc6 Bf2 64. Kxb5 Kf3 65. Be6 Kg3 66. Kc4 Kh4 67. Kd3 Bg1 68. Ke2 Bd4 69.
Bg4 Bc5 70. Kf3 Bg1 71. Kg2 Bc5 72. Be6 Ba3 73. Bf5 Bc5 74. Bg4 Bd4 75. Kf3 Bc5 76. Ke2 Bg1 77. Kd3 Bf2 78. Ke4 Bg1 79. Kd5 Bf2 80.
b4 Bg1 81. Kc4 Bf2 82. b5 Bg1 83. Kd3 Bf2 84. Ke2 Bc5 85. Kf3 Bd4 86. Kg2 Bc5 87. Bf3 g4 88. Bxg4 Kg5 89. Kg3 Kh6 90. h4 Kg7 91. h5 Kh8 92. Kf3 Bg1 93. Bf5 Bc5 94.
Kg4 Bg1 95. h6 Bc5 96. Kh5 Bg1 97. Kg6 Bc5 98. h7 Bg1 99. Kf7 Bc5 100. Be4 Bg1 101. Bd3 Bf2 102. Be4 Bg1 103. Bd3 Bf2 104. Be4 Bg1 1/2-1/2

[Event "Late-Titled-Tuesday-Blitz-February-13-2024"]
[Site "Chess.com"]
[Date "2024.02.13"]
[Round "3"]
[White "LiamPutnam2008"]
[Black "HansOnTwitch"]
[Result "1/2-1/2"]
[WhiteElo "2845"]
[BlackElo "3152"]
[TimeControl "180+1"]
[EndTime "14:29:28 PST"]
[Termination "Game drawn by stalemate"]

1. e4 c5 2. Nf3 d6 3. d4 cxd4 4. Nxd4 Nf6 5. Nc3 a6 6. h4 Nc6 7. Be2 e5 8. Nb3 h6 9. Be3 Be6 10. Nd5 Bxd5 11. exd5 Ne7 12. c4 g6 13. Qd2 Rc8 14.
h5 g5 15. Rc1 Bg7 16. Qb4 Qd7 17.
Na5 b5 18. O-O O-O 19. Rfd1 Nf5 20. Nc6 bxc4 21. Qxc4 a5 22. Bg4 Kh8 23. Be2 e4 24. Bd4 Nxd4 25. Rxd4 Rce8 26. Rdd1 g4 27. Nd4 Nxh5 28.
Qc6 Qd8 29. Bxg4 Nf4 30. Nf5 Be5 31. Ne3 Qg5 32. Qd7 f5 33. Rc7 Bg7 34. Nxf5 Qxg4 35. Qxg7+ Qxg7 36. Nxg7 Re5 37. Ne6 Nxe6 38. dxe6 Rxe6 39. Rd7 Ref6 40. R7xd6 Rxf2 41. Rxh6+ Kg7 42. Rhd6 Rxb2 43. Re6 Rff2 44. Rxe4 Rxg2+ 45. Kh1 Rh2+ 46. Kg1 Rbg2+ 47. Kf1 Rxa2 48. Kg1 Kf6 49. Rf1+ Kg5 50. Rd1 Rhg2+ 51. Kh1 Rgb2 52. Red4 Kf5 53. Rd5+ Ke4 54. R5d4+ Ke3 55. R4d3+ Ke2 56. Rd8 a4 57. Rc1 Rd2 58.
Re8+ Kd3 59. Rd8+ Ke3 60. Re8+ Kd4 61. Rd8+ Ke5 62. Re8+ Kd6 63. Rd8+ Ke7 64. Rxd2 Rxd2 65. Ra1 Rd4 66. Kg2 Kd6 67. Kf3 Kc5 68. Ke3 Rh4 69. Kd3 Kb4 70. Kc2 Rh3 71. Rb1+ Ka3 72. Ra1+ Kb4 73.
Rb1+ Rb3 74. Rxb3+ axb3+ 75. Kb2 Kc4 76. Kb1 Kc3 77. Kc1 Kb4 78. Kb2 Ka4 79. Kb1 Ka3 80. Ka1 b2+ 81. Kb1 Kb3 1/2-1/2

[Event "Late-Titled-Tuesday-Blitz-February-13-2024"]
[Site "Chess.com"]
[Date "2024.02.13"]
[Round "3"]
[White "GaiozNigalidze"]
[Black "subham777"]
[Result "0-1"]
[WhiteElo "2674"]
[BlackElo "2515"]
[TimeControl "180+1"]
[EndTime "14:29:30 PST"]
[Termination "subham777 won on time"]

1. d4 d5 2. c4 e6 3. Nc3 Nf6 4.
Nf3 Be7 5. Bf4 O-O 6. e3 Ne4 7. Bd3 f5 8. cxd5 exd5 9. Qb3 Nxc3 10. bxc3 c6 11. c4 dxc4 12. Bxc4+ Kh8 13. Ne5 Qa5+ 14.
Ke2 b5 15. Bd3 g5 16. Nf7+ Kg7 17. Nxg5 Qb4 18. Ne6+ Bxe6 19. Qxe6 Rf7 20. Rhb1 Qa3 21. Bh6+ Kg8 22. Bxf5 Bf8 23. Rb3 Qd6 24. Bf4 Qe7 25.
Rc1 Bg7 26. Qxe7 Rxe7 27. Bd6 Re8 28. Kf3 a5 29. Bxb8 Raxb8 30. Rxc6 Rf8 31. g4 b4 32. Ra6 Rb5 33. Ke2 Rd8 34. d5 Kh8 35. Be6 Rc5 36.
Kd3 Be5 37. f4 Bc7 38. g5 Rc1 39. Rb2 Rd1+ 40. Ke4 Re8 41. Rc6 Bd8 42. Kf5 Rf8+ 43. Ke4 Re1 44. Rbc2 a4 45. Rb2 b3 46. axb3 a3 47.
Ra2 Be7 48. Rc7 Bb4 49. Rb7 Bc5 50. Kd3 Rxe3+ 51. Kc4 Bd6 52. b4 Rxf4+ 53. Kb5 Rxb4+ 54. Kc6 Rc3+ 55. Kxd6 Rxb7 56. Ke5 Rb2 57. Ra1 a2 58. d6 Re2+ 59. Kf6 Rf3+ 60. Ke7 Rfe3 61. Rxa2 Rxe6+ 62. Kd7 Rxd6+ 63. Kxd6 Rxa2 64. h4 Rh2 65. g6 hxg6 66. h5 Rxh5 0-1